Map: Terraform LE (Void)

Players

Javert - Winner!

  • Race: Zerg Zerg
  • League: Platinum

Aan

  • Race: Terran Terran
  • League: Platinum

VOD

Have the link to the VOD?

Description

Time

  • Played on: Aug. 12, 2015, 11:29 p.m.
  • Length: 13:41
Show
View Real Time Build Order
Export as new Build Order

Javert Zerg - Winner!

Build Orders: Hatch First 

Get SALT Encoding   

  12  0:01  Drone  
  13  0:13  Overlord  
  13  0:20  Drone  
  14  0:31  Drone x2  
  14  0:35  Drone  
  17  0:53  Hatchery  
  17  0:55  Drone  
  17  1:01  Drone, Extractor  
  17  1:08  Drone  
  18  1:21  Spawning Pool  
  18  1:22  Drone  
  18  1:29  Drone  
  19  1:39  Drone  
  20  1:51  Overlord  
  20  2:02  Drone  
  21  2:09  Queen x2  
  21  2:13  Metabolic Boost  
  21  2:14  Spine Crawler  
  24  2:15  Zergling x2  
  24  2:18  Zergling x2  
  24  2:22  Zergling x2  
  27  2:32  Drone x2  
  29  2:42  Drone x2  
  31  2:48  Queen  
  33  2:52  Drone x2  
  35  2:59  Overlord  
  35  3:08  Drone  
  36  3:27  Drone  
  36  3:28  Drone x7  
  36  3:29  Overlord x2  
  42  3:41  Overlord  
  42  3:42  Spore Crawler  
  41  3:54  Zergling x6  
  44  3:58  Drone x2  
  44  3:59  Drone x5  
  51  4:03  Lair  
  51  4:16  Overlord  
  51  4:24  Extractor x2  
  51  4:25  Drone x4, Extractor  
  52  4:33  Hatchery  
  52  4:36  Drone x5  
  54  4:50  Drone  
  54  4:51  Drone x4  
  57  4:59  Evolution Chamber  
  56  5:01  Drone  
  56  5:02  Drone, Spire  
  56  5:05  Queen  
  59  5:10  Roach Warren  
  58  5:17  Drone  
  58  5:18  Drone  
  58  5:19  Baneling Nest  
  59  5:24  Zergling x6  
  59  5:25  Zergling x4  
  64  5:29  Spine Crawler  
  64  5:33  Zergling x10  
  68  5:45  Overseer  
  64  6:12  Queen x2  
  64  6:13  Overlord  
  64  6:14  Mutalisk x7  
  82  6:19  Pneumatized Carapace  
  82  6:21  Spore Crawler  
  81  6:34  Mutalisk x3  
  81  6:37  Overlord x2  
  81  6:39  Drone x3  
  90  6:42  Spore Crawler  
  89  6:51  Overlord  
  89  6:53  Drone, Overlord  
  90  6:57  Mutalisk  
  90  6:58  Mutalisk  
  94  7:04  Zerg Ground Armor Level 1  
  94  7:10  Overlord  
  94  7:16  Drone x6  
  94  7:17  Drone x3  
  94  7:20  Extractor  
  94  7:21  Extractor  
  101  7:26  Burrow  
  101  7:33  Mutalisk x2  
  101  7:36  Overlord x2  
  105  7:38  Drone x5  
  105  7:39  Drone x3  
  105  7:41  Overlord  
  113  7:48  Drone x2  
  115  7:56  Evolution Chamber  
  115  7:58  Glial Reconstitution  
  114  7:59  Hydralisk Den  
  114  8:01  Mutalisk x2  
  114  8:04  Drone x6  
  123  8:09  Overlord  
  123  8:26  Zerg Missile Weapons Level 1  
  123  8:28  Muscular Augments  
  123  8:31  Drone  
  124  8:40  Overlord x2  
  124  8:42  Zerg Flyer Weapons Level 1  
  124  8:44  Extractor  
  124  8:45  Hatchery, Infestation Pit  
  121  8:50  Extractor  
  120  8:57  Mutalisk x4  
  128  9:06  Overlord x2  
  125  9:18  Mutalisk  
  125  9:19  Mutalisk x3  
  127  9:25  Zergling x2  
  127  9:26  Zergling x32  
  127  9:30  Overlord  
  143  9:34  Roach  
  143  9:35  Roach x3  
  151  9:41  Overlord  
  151  9:43  Zerg Ground Armor Level 2  
  151  9:47  Hive  
  151  9:54  Roach  
  151  9:55  Roach x4  
  151  9:57  Overlord x4  
  161  10:14  Roach  
  161  10:15  Roach x11  
  161  10:19  Overlord  
  185  10:35  Zerg Missile Weapons Level 2  
  185  10:40  Roach  
  185  10:41  Roach x6  
  199  10:50  Overseer  
  198  11:00  Overlord  
  198  11:01  Overlord  
  160  11:18  Roach x2  
  132  11:19  Roach x13  
  136  11:36  Zergling x2  
  136  11:37  Zergling x12  
  143  11:45  Adrenal Glands  
  143  11:46  Ultralisk Cavern  
  142  11:48  Roach x4  
  150  11:59  Roach x4  
  143  12:32  Roach  
  143  12:33  Roach x13  
  156  12:47  Drone  
  156  12:48  Drone x6  
  156  12:52  Roach x3  
  156  12:53  Roach x4  
  156  13:33  Hatchery  
  156  13:35  Extractor x2  
Show
View Real Time Build Order
Export as new Build Order

Aan Terran 

Build Orders:  

Get SALT Encoding   

  12  0:01  SCV  
  13  0:13  SCV  
  14  0:17  Supply Depot  
  14  0:25  SCV  
  15  0:29  Refinery  
  15  0:39  SCV  
  16  0:46  Barracks  
  16  0:51  SCV  
  17  1:04  SCV  
  17  1:06  Refinery  
  18  1:16  SCV  
  19  1:29  SCV  
  20  1:41  Orbital Command  
  20  1:44  Bunker  
  20  1:49  Factory  
  20  1:59  Marine  
  21  2:03  Supply Depot  
  21  2:10  SCV  
  22  2:22  SCV  
  23  2:34  SCV  
  23  2:35  Starport  
  24  2:39  Starport  
  24  2:46  SCV  
  25  2:52  Widow Mine  
  25  2:56  Marine  
  28  2:59  SCV  
  28  3:05  Supply Depot  
  29  3:11  SCV  
  30  3:13  Starport Tech Lab  
  30  3:15  Starport Tech Lab  
  30  3:33  SCV  
  31  3:34  Banshee x2  
  31  3:40  Command Center  
  31  3:41  Widow Mine  
  37  3:47  Supply Depot  
  39  3:56  Armory  
  39  4:09  SCV  
  40  4:14  Cloaking Field  
  40  4:17  Banshee x2  
  40  4:21  SCV  
  47  4:27  Supply Depot  
  47  4:28  Factory Reactor  
  47  4:44  SCV  
  46  4:51  Terran Vehicle Weapons Level 1  
  46  4:52  Orbital Command  
  46  4:56  SCV  
  47  5:03  Supply Depot, Engineering Bay  
  47  5:08  SCV  
  47  5:11  Widow Mine x2  
  52  5:14  Orbital Command  
  52  5:20  SCV  
  53  5:30  Refinery x2  
  53  5:37  Factory  
  53  5:40  Factory  
  53  5:42  SCV x2  
  55  5:52  Liberator  
  52  6:08  Hellion x2  
  59  6:17  SCV  
  59  6:18  SCV  
  61  6:19  Command Center  
  61  6:25  Factory Tech Lab  
  61  6:26  Factory Tech Lab  
  61  6:27  Supply Depot  
  61  6:28  Supply Depot  
  61  6:29  SCV  
  61  6:30  SCV  
  63  6:34  Missile Turret  
  63  6:38  Missile Turret  
  63  6:44  SCV x2  
  65  6:52  Supply Depot  
  65  6:53  Supply Depot  
  63  6:57  Hellion x2  
  67  7:03  SCV x2  
  67  7:04  Terran Vehicle Weapons Level 2  
  67  7:19  Supply Depot  
  67  7:22  Liberator  
  67  7:27  Supply Depot, Hellion x2  
  67  7:28  Thor  
  77  7:35  Orbital Command  
  77  7:40  Hellion, Missile Turret  
  77  7:42  SCV x2  
  82  7:53  Thor  
  82  7:55  SCV  
  82  7:56  SCV  
  90  8:08  Supply Depot  
  90  8:11  Supply Depot  
  90  8:15  Factory  
  90  8:17  Factory  
  90  8:19  Liberator  
  90  8:24  SCV x3  
  90  8:26  Thor  
  99  8:33  Supply Depot, Raven  
  101  8:39  Supply Depot  
  104  8:51  SCV x2  
  104  9:02  Factory Tech Lab  
  104  9:06  Factory Reactor, Missile Turret x2  
  104  9:07  Orbital Command  
  104  9:09  Missile Turret  
  104  9:10  Refinery x2  
  104  9:13  Fusion Core  
  104  9:15  Missile Turret  
  103  9:22  Missile Turret  
  101  9:24  Hellion x2, Cyclone  
  108  9:33  Cyclone  
  111  9:40  SCV  
  111  9:41  SCV x2  
  114  10:01  SCV x2  
  114  10:02  SCV, Terran Vehicle Weapons Level 3  
  114  10:03  Command Center  
  114  10:05  Command Center, Cyclone  
  120  10:08  Cyclone  
  123  10:14  Unknown  
  123  10:15  Hellion x5  
  123  10:22  Missile Turret  
  123  10:23  Missile Turret x2  
  123  10:26  Missile Turret  
  123  10:29  Missile Turret  
  123  10:31  Cyclone, Missile Turret x2  
  123  10:33  Hellbat x3  
  123  10:34  Hellbat  
  134  10:42  Unknown  
  134  10:45  Missile Turret  
  134  11:08  Missile Turret  
  67  11:27  Liberator  
  58  11:33  Hellbat x3  
  58  11:34  Cyclone  
  58  11:35  Cyclone x2  
  69  11:48  Liberator  
  69  11:52  SCV x2  
  67  12:04  SCV x2  
  67  12:06  Hellion x4, Cyclone  
Tags
 
Add a new tag
Caveats
  • Supply blocks, unpowered buildings, or Contaminate may cause inaccurate times.
  • Supply counts are checked every 10 seconds.